 Dungeon Crawl Stone Soup version 0.28-a0-429-g1448048969 (webtiles) character file.

Game seed: 5170485664481901546

303 rogsnak the Firebug (level 6, -3/41 HPs)
             Began as a Demonspawn Fire Elementalist on Sept 11, 2021.
             Slain by Edmund (9 damage)
             ... on level 4 of the Dungeon.
             The game lasted 00:07:09 (3202 turns).

rogsnak the Firebug (Demonspawn Fire Elementalist)  Turns: 3202, Time: 00:07:09

Health: -3/41      AC:  3    Str:  8    XL:     6   Next: 15%
Magic:  3/11       EV: 12    Int: 19    God:
Gold:   101        SH:  0    Dex: 19    Spells: 9/12 levels left

rFire   . . .      SeeInvis .   u - +0 dagger (venom)
rCold   . . .      Faith    .   (no shield)
rNeg    . . .      Spirit   .   a - +0 robe
rPois   +          Reflect  .   (no helmet)
rElec   .          Harm     .   (no cloak)
rCorr   .          Rampage  .   (no gloves)
Will    .....                   (no boots)
Stlth   ++........              (no amulet)
HPRegen 0.13/turn               j - ring of poison resistance
MPRegen 0.24/turn               t - +6 ring of dexterity

@: no status effects
A: talons 1, magic regeneration, sharp scales 1
a: no special abilities


You were on level 4 of the Dungeon.
You visited 1 branch of the dungeon, and saw 4 of its levels.

You collected 101 gold pieces.

Inventory:

Hand Weapons
 b - a +0 dagger
 l - a +0 short sword
 m - a +0 dagger of protection
 p - a +0 mace
 u - a +0 dagger of venom (weapon)
Missiles
 e - 219 stones
 k - 3 boomerangs
 o - 6 poisoned darts
 r - 2 throwing nets
Armour
 a - a +0 robe (worn)
Jewellery
 j - a ring of poison resistance (left hand)
 t - a +6 ring of dexterity (right hand)
Scrolls
 c - 4 scrolls of identify {unknown}
 g - 2 scrolls of noise {unknown}
 h - a scroll of teleportation {unknown}
 i - a scroll of fear {unknown}
 n - a scroll of amnesia {unknown}
 s - a scroll of torment {unknown}
 v - a scroll of magic mapping {unknown}
Potions
 d - a potion of invisibility {unknown}
 f - a potion of degeneration {unknown}
 q - a potion of mutation {unknown}
 w - a potion of haste {unknown}


   Skills:
 + Level 2.0 Dodging
 - Level 1.7 Stealth
 + Level 3.9 Spellcasting
 * Level 3.3 Conjurations
 + Level 4.1 Fire Magic


You had 9 spell levels left.
You knew the following spells:

 Your Spells              Type           Power      Damage    Failure   Level
a - Foxfire               Conj/Fire      72%        2x1d7     3%          1
b - Scorch                Fire           38%        2d7       3%          2

Your spell library contained the following spells:

 Spells                   Type           Power      Damage    Failure   Level
 Conjure Flame            Conj/Fire      18%        6-21      9%          3
 Inner Flame              Hex/Fire       11%        N/A       19%         3
 Flame Wave               Conj/Fire      18%        3d5       28%         4
 Gell's Gravitas          Tloc           1%         N/A       38%         3
 Teleport Other           Tloc           3%         N/A       38%         3
 Dispersal                Tloc           1%         N/A       100%        6


Dungeon Overview and Level Annotations

Branches:
Dungeon (4/15)
 Temple: D:4-7

Altars:
Cheibriados
Dithmenos
Gozag
Hepliaklqana
Makhleb
Okawaru
Qazlal
Wu Jian

Shops:
D:2 [   D:4 ?

Annotations:
D:3 1 runed translucent door, Ndrwtcm's ghost, amateur HOFi
D:4 Edmund


Innate Abilities, Weirdness & Mutations

You have sharp toenails.
You regenerate magic rapidly.
You are partially covered in razor-sharp scales. (AC +1, Slay +1)


Message History

You closely miss Edmund.
Edmund is moderately wounded.
The foxfire hits Edmund.
Edmund is moderately wounded.
The foxfire hits Edmund but does no damage.
Edmund is moderately wounded.
Edmund barely misses you.
Casting: Foxfire (safe; 3% risk of failure)
Confirm with . or Enter, or press ? or * to list all spells.
You conjure some foxfire!
Edmund is engulfed in a cloud of scalding steam.
Edmund hits you with a +6 dire flail of protection.
Unknown command.
You closely miss Edmund.
Edmund is severely wounded.
The foxfire hits Edmund but does no damage.
Edmund is severely wounded.
The foxfire hits Edmund but does no damage.
Edmund is severely wounded.
Edmund hits you with a +6 dire flail of protection!
Casting: Foxfire (safe; 3% risk of failure)
Confirm with . or Enter, or press ? or * to list all spells.
You conjure some foxfire!
Edmund hits you with a +6 dire flail of protection!
Unknown command.
You hit Edmund but do no damage.
Edmund is severely wounded.
The foxfire hits Edmund.
Edmund is severely wounded.
The foxfire hits Edmund but does no damage.
Edmund is severely wounded.
Edmund hits you with a +6 dire flail of protection!
* * * LOW HITPOINT WARNING * * *
Unknown command.
Casting: Foxfire (safe; 3% risk of failure)
Confirm with . or Enter, or press ? or * to list all spells.
You conjure some foxfire!
Edmund is engulfed in a cloud of scalding steam.
Edmund hits you with a +6 dire flail of protection!
You die...

.##.....
##..........#
.##....#
#.⌠...⌠.....#
.##..#.##.
#.....$)....#
.##.......
#...<.......#
.##...#.#
#...........#
......#.#
#.⌠$..).....#
.##.#.#.#
##..........#
###.#.#.##
#.v@v......#
.........#
#.#@########
.......#.##
#.###
.......#..#
#.#
#≈#...###.#
#.##
≈§#....##.##
#..#
>≈#≈≈......#
#..####..
.≈§§≈.####.#
#........
≈≈≈≈..#
#.###.#####..
#..##.#


You could see Edmund (ally target).

Vanquished Creatures
  A black bear (D:3)
  A scorpion (D:4)
  An iguana (D:3)
  4 gnolls (D:3)
  2 adders (D:2)
  A worm (D:2)
  2 dart slugs
  6 orcs (D:4)
  3 endoplasms
  3 giant cockroaches
  7 goblins
  6 hobgoblins
  4 kobolds
  3 quokkas
  A ball python (D:2)
  3 bats
  4 frilled lizards (D:2)
  2 rats
54 creatures vanquished.

Vanquished Creatures (others)
  218 foxfires
  2 withered plants (D:3)
220 creatures vanquished.

Grand Total: 274 creatures vanquished

Notes
Turn   | Place    | Note
-------+----------+-------------------------------------------
     0 | D:1      | rogsnak the Demonspawn Fire Elementalist began the quest
                  | for the Orb.
     0 | D:1      | Reached XP level 1. HP: 13/13 MP: 3/3
   497 | D:1      | Found a faded altar of an unknown god.
   742 | D:1      | Reached skill level 3 in Fire Magic
   971 | D:2      | Gained mutation: You regenerate magic rapidly. [demonic
                  | ancestry]
   971 | D:2      | Reached XP level 2. HP: 19/19 MP: 1/5
  1363 | D:2      | Reached XP level 3. HP: 24/24 MP: 3/6
  1590 | D:2      | Found Geenyirch's Antique Armour Shoppe.
  2156 | D:3      | Noticed a black bear
  2182 | D:3      | Found an ornate altar of the Wu Jian Council.
  2195 | D:3      | Learned a level 2 spell: Scorch
  2213 | D:3      | Killed a black bear
  2214 | D:3      | Reached XP level 4. HP: 30/30 MP: 0/8
  2214 | D:3      | Gained mutation: You are partially covered in razor-sharp
                  | scales. (AC +1, Slay +1) [demonic ancestry]
  2214 | D:3      | Reached XP level 5. HP: 35/35 MP: 0/9
  2337 | D:3      | Found a runed translucent door.
  2338 | D:3      | Noticed Ndrwtcm's ghost (amateur HOFi)
  2344 | D:3      | Found a snail-covered altar of Cheibriados.
  2350 | D:3      | Found a burning altar of Makhleb.
  2353 | D:3      | Found an iron altar of Okawaru.
  2353 | D:3      | Found a hazy altar of Hepliaklqana.
  2353 | D:3      | Found a shadowy altar of Dithmenos.
  2354 | D:3      | Found an opulent altar of Gozag.
  2880 | D:4      | Noticed Edmund
  2930 | D:4      | Reached skill level 4 in Fire Magic
  2930 | D:4      | Gained mutation: You have sharp toenails. [demonic
                  | ancestry]
  2930 | D:4      | Reached XP level 6. HP: 38/41 MP: 4/11
  3083 | D:4      | Found a stormy altar of Qazlal.
  3102 | D:4      | Found Voguogay's Magic Scroll Shoppe.
  3202 | D:4      | Slain by Edmund

Illustrated notes

Levels and vault maps discovered:
D:1:      lemuel_arrival_tunnels, layout_basic,
          shapermc_ecumenical_altar_mp_urbaneastern, serial_bayou,
          serial_bayou_shore_b, serial_bayou_pond_a, serial_bayou_pond_d,
          serial_bayou_crossing, minmay_misc_feat_columns
D:2:      layout_basic, serial_shops, shop
D:3:      layout_rooms, mainiacjoe_overflow_alcove_1,
          grunt_temple_overflow_open, gammafunk_ghost_grave
D:4:      layout_basic, nicolae_qazlal_general_emergency, serial_shops, shop,
          grunt_ministairs_2, uniq_edmund

Skill      XL: |  1  2  3  4  5  6 |
---------------+-------------------+-----
Fire Magic     | 3 4 |  4.1
Conjurations   | 2 3 |  3.3
Spellcasting   | 3 |  3.9
Dodging        | 2 |  2.0
Stealth        | |  1.7

Action                   |  1- 3 |  4- 6 || total
-------------------------+-------+-------++-------
Melee: Dagger            |    12 |     8 ||    20
 Cast: Foxfire           |    60 |    74 ||   134
       Scorch            |       |     3 ||     3
Armor: Robe              |     3 |     5 ||     8
Dodge: Dodged            |     9 |    14 ||    23

Table legend: (Time is in decaauts)
 A = Elapsed time spent in this place.
 B = Non-inter-level travel time spent in this place.
 C = Inter-level travel time spent in this place.
 D = Time resting spent in this place.
 E = Time spent auto-exploring this place.
 F = Levels seen in this place.
 G = Mean time per level.
                   A        B        C        D        E       F      G
               +--------+--------+--------+--------+--------+-----+--------+
         Total |   3211 |   3152 |     59 |    351 |   2186 |   4 |  802.8 |
       Dungeon |   3211 |   3152 |     59 |    351 |   2186 |   4 |  802.8 |
               +--------+--------+--------+--------+--------+-----+--------+

Top non-repeatable levels by time:
     D:2: 1220 daAuts
     D:1: 934 daAuts
     D:3: 778 daAuts
     D:4: 278 daAuts
